 Dungeon Crawl Stone Soup version 0.30-a0-458-g86641cc369 (webtiles) character file.

Game seed: 13973285847148958751

207 jlumianski the Covered (level 5, -1/43 HPs)
             Began as a Demonspawn Fighter on Dec 14, 2022.
             Slain by an iguana (7 damage)
             ... on level 4 of the Dungeon.
             The game lasted 00:12:03 (2191 turns).

jlumianski the Covered (Demonspawn Fighter)         Turns: 2191, Time: 00:12:03

Health: -1/43      AC: 13    Str: 18    XL:     5   Next: 54%
Magic:  5/5        EV:  5    Int: 10    God:
Gold:   199        SH:  4    Dex: 12    Spells: 3/4 levels left

rFire   . . .      SeeInvis .    a - +0 war axe (elec)
rCold   . . .      Faith    .    c - +0 buckler
rNeg    . . .      Spirit   .    g - +0 plate armour
rPois   .          Reflect  .    (no helmet)
rElec   .          Harm     .    (no cloak)
rCorr   .          Rampage  .    (no gloves)
Will    .....                    (no boots)
Stlth   ..........               (no amulet)
HPRegen 0.27/turn                m - ring of wizardry
MPRegen 0.18/turn                (no ring)

@: no status effects
A: rugged brown scales 2, powered by death 1, magic regeneration
a: no special abilities


You were on level 4 of the Dungeon.
You visited 1 branch of the dungeon, and saw 4 of its levels.

You collected 199 gold pieces.

Inventory:

Hand Weapons
 a - a +0 war axe of electrocution (weapon)
Missiles
 f - 9 poisoned darts (quivered)
 i - 6 stones
Armour
 b - a +0 scale mail
 c - a +0 buckler (worn)
 g - a +0 plate armour (worn)
Jewellery
 m - a ring of wizardry (left hand)
Scrolls
 k - a scroll of brand weapon
Potions
 d - a potion of might
 e - a potion of heal wounds {unknown}
 h - a potion of berserk rage
 j - a potion of curing
 l - a potion of haste {unknown}
 n - a potion of mutation {unknown}


   Skills:
 + Level 3.2 Fighting
 + Level 3.8 Axes
 + Level 4.0 Armour
 + Level 3.1 Shields


You had 3 spell levels left.
You knew the following spells:

 Your Spells              Type           Power      Damage    Failure   Level
a - Sandblast             Erth           0%         2d4       99%         1

Your spell library contained the following spells:

 Spells                   Type           Power      Damage    Failure   Level
 Passwall                 Tmut/Erth      0%         N/A       100%        2
 Stone Arrow              Conj/Erth      0%         3d7       100%        3


Dungeon Overview and Level Annotations

Branches:
Dungeon (4/15)
 Temple: D:4-7

Altars:
Dithmenos
Trog

Shops:
D:1 (


Innate Abilities, Weirdness & Mutations

You are mostly covered in rugged brown scales. (AC +2, +5% HP)
You regenerate a little health from kills.
You regenerate magic rapidly.


Message History

You kill the orc!
You slash the hobgoblin!
You kill the hobgoblin!
You see here a +0 short sword.
An iguana comes into view.
The iguana hisses angrily.
You barely miss the iguana. You block the iguana's attack.
You hit the iguana but do no damage.
The iguana bites you but does no damage.
You barely miss the iguana.
The iguana bites you but does no damage.
The iguana completely misses you.
You barely miss the iguana. The iguana bites you!
You closely miss the iguana. The iguana barely misses you.
You hit the iguana.
The iguana is moderately wounded.
The iguana bites you. x2
You slash the iguana!
The iguana is almost dead.
The iguana barely misses you.
You hit the iguana but do no damage.
The iguana is almost dead.
The iguana bites you!
The iguana hisses menacingly.
The iguana bites you but does no damage.
You barely miss the iguana.
The iguana is almost dead.
The iguana bites you.
You barely miss the iguana.
The iguana is almost dead.
The iguana bites you.
You barely miss the iguana.
The iguana is almost dead.
The iguana bites you!
* * * LOW HITPOINT WARNING * * *
The iguana bites you but does no damage.
You barely miss the iguana.
The iguana is almost dead.
The iguana bites you!
You die...

...#....######
...#....##...# ########+
...##...##...# #........
...##....#...###........
##.......'.....+........
#####...##..).##........
##..<.........##........
##.#..........##l$......
##.......#.....#@.......
##..........#...........
##.......####.##........
..........###.##........
..............##........
..........######........
##......................
##..)....###############
#.#######


You could see an iguana.

Vanquished Creatures
  Natasha (thrice) (D:2)
  6 adders
  2 worms (D:2)
  2 dart slugs
  7 orcs
  12 ball pythons
  6 bats
  5 endoplasms
  3 giant cockroaches
  2 goblins (D:3)
  2 hobgoblins
  4 kobolds
  2 quokkas
  3 frilled lizards
  8 rats
67 creatures vanquished.

Notes
Turn   | Place    | Note
-------+----------+-------------------------------------------
     0 | D:1      | jlumianski the Demonspawn Fighter began the quest for the
                  | Orb.
     0 | D:1      | Reached XP level 1. HP: 18/18 MP: 1/1
    65 | D:1      | Gained mutation: You regenerate a little health from kills.
                  | [demonic ancestry]
    65 | D:1      | Reached XP level 2. HP: 21/24 MP: 2/2
   155 | D:3      | Reached skill level 3 in Armour
   232 | D:3      | Found a faded altar of an unknown god.
   255 | D:3      | Gained mutation: You are partially covered in rugged brown
                  | scales. (AC +1, +3% HP) [demonic ancestry]
   255 | D:3      | Reached XP level 3. HP: 22/29 MP: 3/3
   458 | D:1      | Found Diophine's Antique Weapon Shoppe.
   739 | D:2      | Noticed Natasha
   748 | D:2      | Killed Natasha
   749 | D:2      | Gained mutation: You regenerate magic rapidly. [demonic
                  | ancestry]
   749 | D:2      | Reached XP level 4. HP: 17/36 MP: 4/4
   930 | D:2      | Learned a level 1 spell: Sandblast
  1075 | D:2      | Noticed Natasha
  1102 | D:2      | Killed Natasha
  1156 | D:2      | Found a shadowy altar of Dithmenos.
  1159 | D:2      | Noticed Natasha
  1171 | D:2      | Killed Natasha
  1172 | D:2      | Gained mutation: You are mostly covered in rugged brown
                  | scales. (AC +2, +5% HP) [demonic ancestry]
  1172 | D:2      | Reached XP level 5. HP: 36/43 MP: 5/5
  1878 | D:3      | Found a bloodstained altar of Trog.
  1907 | D:3      | Reached skill level 4 in Armour
  2191 | D:4      | Slain by an iguana

Illustrated notes

Levels and vault maps discovered:
D:1:      lightli_arrival_statuegarden, layout_rooms, serial_shops, shop
D:2:      layout_basic, basic_altar, small_statue_intersection, uniq_natasha
D:3:      layout_rooms, trog_butcher_becter, ebering_ecumenical_altar_box,
          st_stairs_6, roderic_serpentine_path
D:4:      layout_basic, mainiacjoe_overflow_24_doors

Skill      XL: |  1  2  3  4  5 |
---------------+----------------+-----
Shields        | 3 |  3.1
Axes           | 2 3 |  3.8
Armour         | 3 4 |  4.0
Fighting       | |  3.2

Action                   |  1- 3 |  4- 6 || total
-------------------------+-------+-------++-------
Melee: War axe           |    86 |   101 ||   187
Throw: Dart              |       |     2 ||     2
  Use: Scroll            |       |     6 ||     6
Armor: Scale mail        |     9 |       ||     9
       Plate armour      |    68 |    66 ||   134
Dodge: Dodged            |    39 |    25 ||    64
Block: Buckler           |    21 |    18 ||    39

Table legend: (Time is in decaauts)
 A = Elapsed time spent in this place.
 B = Non-inter-level travel time spent in this place.
 C = Inter-level travel time spent in this place.
 D = Time resting spent in this place.
 E = Time spent auto-exploring this place.
 F = Levels seen in this place.
 G = Mean time per level.
                   A        B        C        D        E       F      G
               +--------+--------+--------+--------+--------+-----+--------+
         Total |   2287 |   2247 |     40 |    262 |    854 |   4 |  571.8 |
       Dungeon |   2287 |   2247 |     40 |    262 |    854 |   4 |  571.8 |
               +--------+--------+--------+--------+--------+-----+--------+

Top non-repeatable levels by time:
     D:2: 966 daAuts
     D:3: 724 daAuts
     D:1: 477 daAuts
     D:4: 119 daAuts
